Description

/r/allthingsprotoss guide

VOD

https://www.youtube.com/watch?v=szAfVglKSWQ&feature=youtu.be&t=3258

Replay - A.I. 1 (Very Easy) v Gemini - Bel'Shir Vestige LE (Void)

Build Order

Get SALT Encoding   

  12  0:01  Probe (Chrono Boost)  
  13  0:11  Probe (Chrono Boost)  
  14  0:17  Pylon  
  14  0:22  Probe (Chrono Boost)  
  15  0:36  Gateway, Probe (Chrono Boost)  
  15  0:40  Assimilator  
  16  0:46  Probe (Chrono Boost)  
  17  0:51  Assimilator  
  18  0:57  Probe (Chrono Boost)  
  18  1:04  Gateway  
  18  1:07  Probe (Chrono Boost)  
  19  1:18  Probe (Chrono Boost)  
  20  1:23  Cybernetics Core  
  20  1:28  Probe (Chrono Boost)  
  21  1:34  Pylon  
  21  1:39  Probe (Chrono Boost)  
  22  1:50  Warp Gate  
  23  1:59  Adept x2  
  28  2:12  Stargate  
  28  2:20  Pylon  
  28  2:26  Stalker  
  30  2:41  Mothership Core (Chrono Boost)  
  32  2:56  Oracle  
  35  3:10  Nexus  
  36  3:16  Pylon  
  37  3:29  Phoenix  
  41  3:51  Phoenix  
  45  4:19  Phoenix  
  48  4:25  Robotics Facility  
  50  4:43  Phoenix  
  54  4:53  Assimilator  
  54  4:57  Pylon  
  54  4:58  Gateway  
  59  5:17  Observer  
  62  5:30  Sentry x2, Assimilator  
  70  5:51  Twilight Council  
  70  5:58  Immortal  
  76  6:11  Void Ray  
  76  6:16  Resonating Glaives  
  80  6:32  Immortal  
  80  6:39  Gateway x2  
  84  6:45  Gateway x4  
  84  6:51  Adept x3  
  90  6:59  Void Ray  
  94  7:06  Immortal  
  98  7:22  Adept x3  
  104  7:40  Warp Prism  
  104  7:45  Adept x2  
  140  8:58  Nexus  
  140  9:01  Robotics Bay  
  140  9:18  Forge  
Spawning Tool Build Advisor. Get it on Overwolf

Go to:

Details

Become a Patron
  • Created by: Gemini_19    
  • Published on: Feb 28, 2017
  • Patch: 3.8.0
Show
View Real Time Build Order
Export as new Build Order

Comments (0)

There are no comments. Be the first!

Create an account to comment!